General information
			
			
        
        - name: BNet
 
        - type: Ladder team game (AT/RT)
 
        - host: Battle.net
 
        - saver: GoToYurup
 
        
map: Mur'gulOasis 
        - players: 8
 
        - length: 32:04
 
        - speed: Fast
 - version: 1.22 W3XP
 - replay type:  Public
 
» download(347 KB)
Players
        team 1 (winner) 
              
              
AlasPoorYorick (
orange | 123 APM | 3948 actions | 32:03)
              
 6 Keeper of the Grove 
 3 Entangling Roots
 2 Thorns Aura
 1 Tranquility
 
                » actions 
                
                | Assign group hotkey | 64 |  | 
| Basic commands | 502 |  | 
| Build / train | 87 |  | 
| ESC pressed | 1 |  | 
| Enter build submenu | 10 |  | 
| Enter hero's abilities submenu | 6 |  | 
| Give item / drop item | 1 |  | 
| Right click | 1679 |  | 
| Select / deselect | 622 |  | 
| Select group hotkey | 909 |  | 
| Use ability | 65 |  | 
                3948 total
 » units 
                » upgrades
                
                | Strength of the Moon | 3 |  | 
| Improved Bows | 1 |  | 
| Moon Armor | 3 |  | 
| Marksmanship | 1 |  | 
| Ultravision | 1 |  | 
| Well Spring | 1 |  | 
| Nature's Blessing | 1 |  | 
                11 total
 » buildings
                
                | Altar of Elders | 1 |  | 
| Moon Well | 4 |  | 
| Ancient of War | 2 |  | 
| Tree of Ages | 1 |  | 
| Hunter's Hall | 1 |  | 
| Tree of Eternity | 1 |  | 
| Ancient of Wonders | 1 |  | 
| Ancient Protector | 1 |  | 
                12 total
 » build order
                00:05 Altar of Elders
00:19 Moon Well
00:34 Ancient of War
01:30 Moon Well
02:27 Ancient of War
02:55 Moon Well
03:58 Tree of Ages
04:21 Hunter's Hall
06:50 Moon Well
12:58 Tree of Eternity
18:25 Ancient of Wonders
26:40 Ancient Protector
» items
                
                | Boots of Speed | 1 |  | 
| Scroll of Town Portal | 2 |  | 
| Orb of Venom | 1 |  | 
| Staff of Preservation | 1 |  | 
                5 total
  
               
              
              
cumonyoface.cz (
teal | 117 APM | 3742 actions | 32:03)
              
 7 Keeper of the Grove 
 2 Force of Nature
 1 Thorns Aura
 3 Entangling Roots
 1 Tranquility
 
                » actions 
                
                | Assign group hotkey | 50 |  | 
| Basic commands | 276 |  | 
| Build / train | 85 |  | 
| Enter build submenu | 13 |  | 
| Enter hero's abilities submenu | 8 |  | 
| Right click | 1981 |  | 
| Select / deselect | 744 |  | 
| Select group hotkey | 524 |  | 
| Use ability | 60 |  | 
                3742 total
 » units 
                » upgrades
                
                | Improved Bows | 1 |  | 
| Strength of the Moon | 3 |  | 
| Marksmanship | 1 |  | 
                5 total
 » buildings
                
                | Altar of Elders | 1 |  | 
| Moon Well | 5 |  | 
| Ancient of War | 2 |  | 
| Tree of Ages | 1 |  | 
| Tree of Eternity | 1 |  | 
| Hunter's Hall | 1 |  | 
| Ancient of Wonders | 1 |  | 
| Ancient of Wind | 1 |  | 
                13 total
 » build order
                00:05 Altar of Elders
00:08 Moon Well
00:53 Ancient of War
01:40 Moon Well
02:21 Ancient of War
03:59 Moon Well
04:40 Moon Well
05:30 Tree of Ages
13:06 Tree of Eternity
13:23 Hunter's Hall
13:27 Ancient of Wonders
20:20 Moon Well
28:27 Ancient of Wind
» items
                
                | Scroll of Town Portal | 4 |  | 
| Orb of Venom | 1 |  | 
                5 total
  
               
              
              
GoToYurup (
pink | 140 APM | 4505 actions | 32:04)
              
 8 Tauren Chieftain 
 3 War Stomp
 3 Endurance Aura
 1 Reincarnation
 1 Shockwave
 8 Shadow Hunter 
 3 Hex
 3 Healing Wave
 1 Big Bad Voodoo
 1 Serpent Ward
 
                » actions 
                
                | Assign group hotkey | 65 |  | 
| Basic commands | 37 |  | 
| Build / train | 102 |  | 
| ESC pressed | 1 |  | 
| Enter build submenu | 15 |  | 
| Enter hero's abilities submenu | 17 |  | 
| Give item / drop item | 2 |  | 
| Remove unit from queue | 2 |  | 
| Right click | 2084 |  | 
| Select / deselect | 724 |  | 
| Select group hotkey | 1223 |  | 
| Use ability | 233 |  | 
                4505 total
 » units 
                
                | Peon | 8 |  | 
| Grunt | 15 |  | 
| Raider | 6 |  | 
| Spirit Walker | 3 |  | 
| Wind Rider | 4 |  | 
| Kodo Beast | 1 |  | 
                37 total
 » upgrades
                
                | Berserker Strength | 1 |  | 
| Pillage | 1 |  | 
| Ensnare | 1 |  | 
| Spirit Walker Training | 1 |  | 
| Armor | 1 |  | 
| Ranged Weapons | 2 |  | 
| Envenomed Spears | 1 |  | 
                8 total
 » buildings
                
                | Altar of Storms | 1 |  | 
| Orc Burrow | 7 |  | 
| Barracks | 1 |  | 
| Voodoo Lounge | 1 |  | 
| Stronghold | 2 |  | 
| War Mill | 1 |  | 
| Spirit Lodge | 1 |  | 
| Beastiary | 2 |  | 
| Fortress | 3 |  | 
                19 total
 » build order
                00:02 Altar of Storms
00:10 Orc Burrow
00:40 Barracks
01:34 Orc Burrow
02:28 Voodoo Lounge
03:10 Stronghold
04:17 Orc Burrow
06:27 War Mill
06:29 Orc Burrow
06:50 Spirit Lodge
06:53 Beastiary
13:19 Orc Burrow
21:01 Orc Burrow
21:02 Orc Burrow
22:07 Fortress
22:07 Fortress
22:08 Fortress
23:51 Beastiary
» items
                
                | Healing Salve | 10 |  | 
| Scroll of Speed | 3 |  | 
| Potion of Mana | 2 |  | 
| Lesser Clarity Potion | 5 |  | 
| Scroll of Town Portal | 4 |  | 
                24 total
  
               
              
              
» 
NUTSONYOCHIN.DE (
red | 115 APM | 3679 actions | 32:03)
              
 9 Priestess of the Moon 
 3 Trueshot Aura
 3 Searing Arrows
 1 Starfall
 2 Scout
 
                » actions 
                
                | Assign group hotkey | 37 |  | 
| Basic commands | 161 |  | 
| Build / train | 66 |  | 
| Enter build submenu | 9 |  | 
| Enter hero's abilities submenu | 9 |  | 
| Give item / drop item | 1 |  | 
| Right click | 1796 |  | 
| Select / deselect | 379 |  | 
| Select group hotkey | 1177 |  | 
| Use ability | 44 |  | 
                3679 total
 » units 
                » upgrades
                
                | Strength of the Moon | 2 |  | 
| Improved Bows | 1 |  | 
| Moon Armor | 1 |  | 
                4 total
 » buildings
                
                | Altar of Elders | 1 |  | 
| Moon Well | 5 |  | 
| Ancient of War | 2 |  | 
| Tree of Ages | 1 |  | 
| Hunter's Hall | 1 |  | 
| Tree of Eternity | 1 |  | 
                11 total
 » build order
                00:11 Altar of Elders
00:20 Moon Well
00:34 Ancient of War
01:40 Ancient of War
01:57 Moon Well
02:34 Moon Well
04:44 Moon Well
05:35 Tree of Ages
06:40 Hunter's Hall
08:22 Moon Well
23:05 Tree of Eternity
» items
                
                | Scroll of Town Portal | 4 |  | 
| Scroll of Healing | 4 |  | 
| Scroll of Protection | 1 |  | 
| Potion of Lesser Invulnerability | 1 |  | 
                10 total
  
               team 2 (loser) 
              
              
AntonChaos (
purple | 39 APM | 1236 actions | 31:44)
              
 5 Blademaster 
 2 Wind Walk
 3 Critical Strike
 3 Far Seer 
 2 Feral Spirit
 1 Chain Lighting
 
                » actions 
                
                | Assign group hotkey | 1 |  | 
| Basic commands | 35 |  | 
| Build / train | 64 |  | 
| ESC pressed | 3 |  | 
| Enter build submenu | 34 |  | 
| Enter hero's abilities submenu | 8 |  | 
| Remove unit from queue | 1 |  | 
| Right click | 604 |  | 
| Select / deselect | 407 |  | 
| Use ability | 79 |  | 
                1236 total
 » units 
                
                | Peon | 12 |  | 
| Grunt | 29 |  | 
| Troll Witch Doctor | 4 |  | 
                45 total
 » upgrades
                
                | Melee Weapons | 2 |  | 
| Armor | 1 |  | 
| Berserker Strength | 1 |  | 
| Witch Doctor Training | 2 |  | 
                6 total
 » buildings
                
                | Altar of Storms | 2 |  | 
| Orc Burrow | 6 |  | 
| Barracks | 5 |  | 
| War Mill | 2 |  | 
| Stronghold | 1 |  | 
| Fortress | 1 |  | 
| Spirit Lodge | 4 |  | 
| Watch Tower | 13 |  | 
                34 total
 » build order
                00:10 Altar of Storms
00:37 Orc Burrow
01:31 Barracks
01:54 Orc Burrow
02:16 Barracks
02:44 Orc Burrow
02:54 War Mill
07:08 Orc Burrow
07:12 Orc Burrow
07:17 Stronghold
10:07 Fortress
11:50 Spirit Lodge
11:53 Spirit Lodge
15:29 Altar of Storms
16:30 Spirit Lodge
16:59 Watch Tower
17:11 Watch Tower
17:39 Watch Tower
18:04 Watch Tower
18:06 Watch Tower
18:08 Watch Tower
18:11 Watch Tower
18:12 Watch Tower
18:21 Watch Tower
18:25 Watch Tower
20:21 Barracks
21:10 Watch Tower
22:35 Barracks
22:37 Barracks
23:06 Watch Tower
24:14 War Mill
24:20 Spirit Lodge
24:26 Watch Tower
25:21 Orc Burrow
 
               
              
              
Fruttagurt (
blue | 74 APM | 2357 actions | 32:03)
              
 6 Mountain King 
 3 Storm Bolt
 2 Thunder Clap
 1 Avatar
 
                » actions 
                
                | Basic commands | 86 |  | 
| Build / train | 66 |  | 
| ESC pressed | 1 |  | 
| Enter build submenu | 15 |  | 
| Enter hero's abilities submenu | 6 |  | 
| Remove unit from queue | 1 |  | 
| Right click | 1509 |  | 
| Select / deselect | 573 |  | 
| Use ability | 100 |  | 
                2357 total
 » units 
                » upgrades
                » buildings
                
                | Altar of Kings | 1 |  | 
| Farm | 7 |  | 
| Barracks | 2 |  | 
| Lumber Mill | 1 |  | 
| Arcane Vault | 2 |  | 
| Keep | 1 |  | 
                14 total
 » build order
                00:36 Altar of Kings
00:40 Farm
00:52 Barracks
01:18 Farm
01:24 Lumber Mill
01:41 Farm
02:52 Farm
04:16 Arcane Vault
06:19 Keep
13:31 Farm
13:34 Barracks
14:16 Farm
14:20 Farm
17:56 Arcane Vault
» items
                
                | Potion of Healing | 1 |  | 
| Scroll of Town Portal | 1 |  | 
                2 total
  
               
              
              
» 
Offaoffa (
green | 77 APM | 2421 actions | 31:38)
              
 6 Keeper of the Grove 
 2 Force of Nature
 3 Entangling Roots
 1 Tranquility
 4 Demon Hunter 
 2 Immolation
 2 Evasion
 
                » actions 
                
                | Assign group hotkey | 11 |  | 
| Basic commands | 249 |  | 
| Build / train | 68 |  | 
| ESC pressed | 4 |  | 
| Enter build submenu | 21 |  | 
| Enter hero's abilities submenu | 10 |  | 
| Right click | 1003 |  | 
| Select / deselect | 803 |  | 
| Select group hotkey | 98 |  | 
| Use ability | 154 |  | 
                2421 total
 » units 
                
                | Wisp | 9 |  | 
| Archer | 7 |  | 
| Druid of the Claw | 31 |  | 
                47 total
 » upgrades
                
                | Druid of the Claw Training | 2 |  | 
| Improved Bows | 1 |  | 
| Strength of the Wild | 2 |  | 
| Reinforced Hides | 2 |  | 
                7 total
 » buildings
                
                | Altar of Elders | 1 |  | 
| Moon Well | 9 |  | 
| Ancient of War | 1 |  | 
| Tree of Ages | 1 |  | 
| Hunter's Hall | 1 |  | 
| Ancient of Lore | 6 |  | 
| Tree of Eternity | 1 |  | 
                20 total
 » build order
                00:16 Altar of Elders
00:19 Moon Well
00:55 Ancient of War
01:15 Moon Well
02:30 Tree of Ages
03:22 Hunter's Hall
04:12 Moon Well
05:37 Ancient of Lore
05:40 Ancient of Lore
06:28 Moon Well
08:19 Moon Well
08:40 Moon Well
16:35 Tree of Eternity
23:10 Ancient of Lore
23:54 Ancient of Lore
23:55 Ancient of Lore
24:18 Ancient of Lore
26:29 Moon Well
26:29 Moon Well
27:03 Moon Well
 
               
              
              
Piffpoff (
yellow | 70 APM | 2219 actions | 31:42)
              
 5 Death Knight 
 3 Death Coil
 2 Unholy Aura
 7 Lich 
 3 Frost Nova
 1 Dark Ritual
 2 Frost Armor
 1 Death and Decay
 
                » actions 
                
                | Assign group hotkey | 9 |  | 
| Basic commands | 127 |  | 
| Build / train | 62 |  | 
| ESC pressed | 4 |  | 
| Enter build submenu | 17 |  | 
| Enter hero's abilities submenu | 12 |  | 
| Remove unit from queue | 1 |  | 
| Right click | 1094 |  | 
| Select / deselect | 475 |  | 
| Select group hotkey | 303 |  | 
| Use ability | 115 |  | 
                2219 total
 » units 
                
                | Acolyte | 2 |  | 
| Ghoul | 3 |  | 
| Crypt Fiend | 13 |  | 
| Obsidian Statue | 3 |  | 
| Abomination | 10 |  | 
| Frost Wyrm | 7 |  | 
                38 total
 » upgrades
                
                | Disease Cloud | 1 |  | 
| Unholy Armor | 1 |  | 
                2 total
 » buildings
                
                | Ziggurat | 7 |  | 
| Crypt | 1 |  | 
| Altar of Darkness | 1 |  | 
| Graveyard | 1 |  | 
| Halls of the Dead | 1 |  | 
| Sacrificial Pit | 1 |  | 
| Slaughterhouse | 1 |  | 
| Black Citadel | 1 |  | 
| Tomb of Relics | 1 |  | 
| Boneyard | 1 |  | 
                16 total
 » build order
                00:07 Ziggurat
00:09 Crypt
00:34 Altar of Darkness
01:08 Graveyard
01:25 Ziggurat
02:34 Halls of the Dead
04:10 Ziggurat
05:34 Ziggurat
06:19 Sacrificial Pit
06:23 Ziggurat
06:50 Slaughterhouse
08:31 Black Citadel
08:41 Tomb of Relics
10:53 Boneyard
13:46 Ziggurat
24:02 Ziggurat
» items
                
                | Scroll of Town Portal | 2 |  | 
| Orb of Corruption | 1 |  | 
                3 total
  
                Chat log
          (00:30 / All) cumonyoface.cz:  
(00:46 / Allies) GoToYurup: Pottig
(00:54 / Allies) GoToYurup: Pottig, Czech Republic
(08:56 / Allies) NUTSONYOCHIN.DE: go
(13:11 / Allies) NUTSONYOCHIN.DE: no
(16:02 / All) cumonyoface.cz: lol
(16:03 / All) cumonyoface.cz: dam kids
(16:10 / All) cumonyoface.cz: dam
(16:11 / All) cumonyoface.cz: Lol
(17:02 / Allies) NUTSONYOCHIN.DE: no
(17:03 / Allies) NUTSONYOCHIN.DE: sorry
(17:13 / Allies) NUTSONYOCHIN.DE: had to buy tp and scroll of healing
(17:17 / Allies) NUTSONYOCHIN.DE: thats 700g
(17:20 / Allies) NUTSONYOCHIN.DE: 600
(21:21 / All) cumonyoface.cz: Fruttagurt has been eliminated.
(21:26 / All) Fruttagurt: ...
(21:28 / All) Fruttagurt: ^^
(26:29 / All) cumonyoface.cz: Dam kids
(26:42 / All) cumonyoface.cz: lol
(27:20 / Allies) NUTSONYOCHIN.DE: 364g please
(28:15 / All) AlasPoorYorick: by now
(28:18 / All) AlasPoorYorick: you must realize
(28:19 / All) cumonyoface.cz: dam quit kids
(28:20 / All) Fruttagurt: keft
(28:25 / All) Fruttagurt: aldrig
(28:26 / All) Fruttagurt: sopa
(28:29 / All) AlasPoorYorick: that we are the engines of a better 2morrow
(28:34 / All) cumonyoface.cz: look like u lost
(28:38 / All) cumonyoface.cz: might well quit
(28:38 / All) Fruttagurt: duja
(28:40 / All) Fruttagurt: nej
(28:43 / All) AlasPoorYorick: duja
(28:44 / All) AlasPoorYorick: nej
(28:46 / All) Fruttagurt: duja
(28:47 / All) Fruttagurt: nej
(28:49 / All) GoToYurup: I was thinking "Durn! Harpyslayer."
(30:01 / All) cumonyoface.cz: Dam kids
(30:08 / All) cumonyoface.cz: Leave
(30:12 / All) Fruttagurt: men nej
(30:13 / All) Fruttagurt: du sug
(30:18 / All) GoToYurup: and that expo would have gone up too if it weren't for those meddling clan towa kids
(30:33 / All) NUTSONYOCHIN.DE: sjörgismar det ar och fruttagurt mein FRÅPPERT
(31:03 / All) cumonyoface.cz: dam
(31:08 / All) Fruttagurt: kids?
(31:12 / All) AlasPoorYorick: gg
(31:19 / All) GoToYurup: quietly accept your fate..
(31:22 / All) AlasPoorYorick: i knew him horatio
(31:31 / All) AlasPoorYorick: a fellow of infinite jest